 Dungeon Crawl Stone Soup version 0.24-b1 (webtiles) character file.

Game seed: 9008099196997834440, levelgen mode: deterministic

525574 Johnny the Petrodigitator (level 23, -2/194 HPs)
             Began as a Demigod Earth Elementalist on Oct 12, 2019.
             Killed from afar by a fire giant (49 damage)
             ... with a bolt of fire
             ... on level 1 of the Depths.
             The game lasted 02:06:23 (56243 turns).

Johnny the Petrodigitator (DgEE)                   Turns: 56243, Time: 02:06:23

Health: -2/194     AC: 12    Str: 11    XL:     23   Next: 15%
Magic:  20/59      EV: 20    Int: 33    God:
Gold:   4330       SH:  0    Dex: 16    Spells: 18/56 levels left

rFire    . . .     SeeInvis .   v - staff of energy
rCold    . . .     Gourm    .   (no shield)
rNeg     . . .     Faith    .   M - +2 robe {Archmagi}
rPois    .         Spirit   .   r - +2 hat
rElec    .         Reflect  .   Z - scarf {repulsion}
rCorr    .         Harm     .   D - +2 pair of gloves
MR       ++...                  S - +2 pair of boots {run}
Stlth    ++........             x - amulet of regeneration
HPRegen  0.82/turn              Q - ring of magical power
MPRegen  0.36/turn              p - ring of wizardry

@: lethally poisoned (-2 -> -4), very slightly contaminated, invisible, repel
missiles, quick
A: high mp 1
}: 3/15 runes: decaying, silver, gossamer
a: no special abilities


You were on level 1 of the Depths.
You were not hungry.

You visited 8 branches of the dungeon, and saw 40 of its levels.
You also visited: Trove, Gauntlet, Ice Cave and Volcano.

You collected 6924 gold pieces.
You spent 2594 gold pieces at shops.

Inventory:

Hand Weapons
 w - the +7 flail "Zagyl" {freeze, *Drain rElec rN+ Int+5}
   (You took it off a minotaur in a Gauntlet)

   It has been specially enchanted to freeze those struck by it, causing extra
   injury to most foes and up to half again as much damage against particularly
   susceptible opponents.
   It can also slow down cold-blooded creatures.
   It affects your intelligence (+5).
   It insulates you from electricity.
   It protects you from negative energy.
   It causes draining when unequipped.
Missiles
 y - 643 stones (quivered)
Armour
 r - a +2 hat (worn)
 D - a +2 pair of gloves (worn)
 M - a +2 robe of the Archmagi (worn)
 S - a +2 pair of boots of running (worn)
 Y - the +7 chain mail "Kiuboned" {rPois rN+ Regen+}
   (You found it on level 3 of the Elven Halls)

   It protects you from poison.
   It protects you from negative energy.
   It increases your rate of regeneration.
 Z - a scarf of repulsion (worn)
Magical Staves
 s - an uncursed staff of earth
 v - an uncursed staff of energy (weapon)
 I - an uncursed staff of power
Jewellery
 g - the ring of Jakleeh {*Slow rPois rC++ Dex+3 Stlth+}
   (You found it in a treasure trove)

   [ring of stealth]

   It affects your dexterity (+3).
   It greatly protects you from cold.
   It protects you from poison.
   It may slow you when you take damage.
   It makes you more stealthy.
 o - the ring of Awe {rElec rF+++ rC- rCorr Int+2}
   (You found it in a treasure trove)

   [ring of resist corrosion]

   It affects your intelligence (+2).
   It renders you almost immune to fire.
   It makes you vulnerable to cold.
   It insulates you from electricity.
   It provides partial protection from all sources of acid and corrosion.
 p - a ring of wizardry (right hand)
 x - an amulet of regeneration (around neck)
 H - the amulet of Atheism {+Rage +Fly rElec rPois rF-}
   (You found it in a treasure trove)

   [amulet of rage]

   It makes you vulnerable to fire.
   It insulates you from electricity.
   It protects you from poison.
   It lets you fly.
   It lets you go berserk.
 P - an uncursed amulet of harm
 Q - a ring of magical power (left hand)
Wands
 k - a wand of digging (8)
 C - a wand of acid (18)
 G - a wand of paralysis (4)
Scrolls
 c - 3 scrolls of vulnerability
 e - 20 scrolls of teleportation
 i - 5 scrolls of fear
 j - 7 scrolls of immolation
 m - 3 scrolls of magic mapping
 n - 10 scrolls of fog
 t - 5 scrolls of holy word
 u - 10 scrolls of remove curse
 B - 3 scrolls of blinking
 X - 6 scrolls of enchant armour
Potions
 a - 4 potions of berserk rage
 b - 3 potions of heal wounds
 f - 4 potions of invisibility
 h - 3 potions of agility
 l - 2 potions of cancellation
 q - 4 potions of haste
 z - 8 potions of mutation
 A - 13 potions of curing
 E - 8 potions of brilliance
 L - 10 potions of might
 N - 10 potions of flight
 O - 9 potions of ambrosia
 R - 8 potions of lignification
Miscellaneous
 F - a phantom mirror
 J - a lightning rod (4/4)
 K - a lamp of fire
 V - a box of beasts
Comestibles
 d - 15 rations
 U - a chunk of flesh


   Skills:
 + Level 13.7 Fighting
 - Level 10.3 Dodging
 - Level 1.7 Stealth
 + Level 17.4 Spellcasting
 - Level 5.2 Necromancy
 - Level 0.8 Transmutations
 O Level 27 Earth Magic


You had 18 spell levels left.
You knew the following spells:

 Your Spells              Type           Power        Failure   Level  Hunger
a - Sandblast             Erth           ######       0%          1    None
b - Stone Arrow           Conj/Erth      ######       0%          3    None
c - Lee's Rapid Deconstr  Erth           ########..   0%          5    None
d - Petrify               Tmut/Erth      ########     1%          4    None
e - Blink                 Tloc           N/A          1%          2    None
f - Shatter               Erth           ########..   1%          9    None
g - Mephitic Cloud        Conj/Pois/Air  #####...     1%          3    None
h - Regeneration          Chrm/Necr      ######....   1%          3    None
i - Statue Form           Tmut/Erth      ########.    1%          6    None
v - Sublimation of Blood  Necr           #######...   1%          2    None

Your spell library contained the following spells:

 Spells                   Type           Power        Failure   Level  Hunger
 Passwall                 Tmut/Erth      ########     0%          2    None
 Animate Skeleton         Necr           N/A          1%          1    None
 Apportation              Tloc           #####.       1%          1    None
 Beastly Appendage        Tmut           ######       1%          1    None
 Confusing Touch          Hex            #####.       1%          1    None
 Corona                   Hex            #####..      1%          1    None
 Flame Tongue             Conj/Fire      #####        1%          1    None
 Freeze                   Ice            ####         1%          1    None
 Infusion                 Chrm           ####         1%          1    None
 Magic Dart               Conj           ####         1%          1    None
 Shock                    Conj/Air       ####         1%          1    None
 Sting                    Conj/Pois      ####         1%          1    None
 Summon Butterflies       Summ           #####...     1%          1    None
 Summon Small Mammal      Summ           ####         1%          1    None
 Call Imp                 Summ           #####...     1%          2    None
 Corpse Rot               Necr           N/A          1%          2    None
 Poisonous Vapours        Pois/Air       #####.       1%          2    None
 Searing Ray              Conj           #####.       1%          2    None
 Shroud of Golubria       Chrm/Tloc      #####.       1%          2    None
 Slow                     Hex            #####...     1%          2    None
 Song of Slaying          Chrm           #####...     1%          2    None
 Sticks to Snakes         Tmut           ######..     1%          2    None
 Swiftness                Chrm/Air       #####...     1%          2    None
 Throw Flame              Conj/Fire      #####.       1%          2    None
 Throw Frost              Conj/Ice       #####.       1%          2    None
 Call Canine Familiar     Summ           #####...     1%          3    None
 Confuse                  Hex            #####...     1%          3    None
 Conjure Flame            Conj/Fire      #####...     1%          3    None
 Dazzling Spray           Conj/Hex       #####.       1%          3    None
 Gell's Gravitas          Tloc           #####.....   1%          3    None
 Ignite Poison            Fire/Tmut/Pois #####...     1%          3    None
 Inner Flame              Hex/Fire       #####...     1%          3    None
 Lesser Beckoning         Tloc           #####.....   1%          3    None
 Ozocubu's Armour         Chrm/Ice       #####...     1%          3    None
 Portal Projectile        Hex/Tloc       #####.       1%          3    None
 Recall                   Summ/Tloc      N/A          1%          3    None
 Spectral Weapon          Hex/Chrm       #####...     1%          3    None
 Spider Form              Tmut/Pois      #####.....   1%          3    None
 Static Discharge         Conj/Air       #####...     1%          3    None
 Summon Guardian Golem    Hex/Summ       #####...     1%          3    None
 Teleport Other           Tloc           #####...     1%          3    None
 Tukima's Dance           Hex            #####...     1%          3    None
 Vampiric Draining        Necr           #######...   1%          3    None
 Leda's Liquefaction      Hex/Erth       ########..   1%          4    None
 Agony                    Necr           #######.     1%          5    None
 Bolt of Magma            Conj/Fire/Erth #######...   1%          5    None
 Dispel Undead            Necr           #######.     1%          5    None
 Iron Shot                Conj/Erth      ########..   1%          6    None
 Ice Form                 Ice/Tmut       #####...     4%          4    None
 Airstrike                Air            #####.....   5%          4    None
 Cause Fear               Hex            #####.....   5%          4    None
 Force Lance              Conj/Tloc      #####...     5%          4    None
 Fulminant Prism          Conj/Hex       #####.....   5%          4    None
 Iskenderun's Mystic Bla  Conj           #####...     5%          4    None
 Olgreb's Toxic Radiance  Pois           #####...     5%          4    None
 Passage of Golubria      Tloc           N/A          5%          4    None
 Summon Ice Beast         Ice/Summ       #####...     5%          4    None
 Summon Lightning Spire   Summ/Air       #####...     5%          4    None
 Throw Icicle             Conj/Ice       #####...     5%          4    None
 Bolt of Draining         Conj/Necr      ######....   5%          5    None
 Excruciating Wounds      Chrm/Necr      ######....   5%          5    None
 Death Channel            Necr           #######...   10%         6    None
 Blade Hands              Tmut           ######....   11%         5    None
 Alistair's Intoxication  Tmut/Pois      #####...     12%         5    None
 Irradiate                Conj/Tmut      #####.....   12%         5    None
 Yara's Violent Unravell  Hex/Tmut       #####.....   12%         5    None
 Aura of Abjuration       Summ           #####.....   16%         5    None
 Fireball                 Conj/Fire      #####.....   16%         5    None
 Iskenderun's Battlesphe  Conj/Chrm      #####...     16%         5    None
 Lightning Bolt           Conj/Air       #####.....   16%         5    None
 Metabolic Englaciation   Hex/Ice        #####.....   16%         5    None
 Silence                  Hex/Air        #####.....   16%         5    None
 Summon Forest            Summ/Tloc      #####.....   16%         5    None
 Summon Mana Viper        Hex/Summ       #####...     16%         5    None
 Venom Bolt               Conj/Pois      #####.....   16%         5    None
 Hydra Form               Tmut           ######....   47%         6    None
 Bolt of Cold             Conj/Ice       #####.....   58%         6    None
 Darkness                 Hex            #####.....   58%         6    None
 Freezing Cloud           Conj/Ice/Air   #####.....   58%         6    None
 Invisibility             Hex            #####...     58%         6    None
 Shadow Creatures         Summ           N/A          58%         6    None
 Haunt                    Necr/Summ      ######....   80%         7    None
 Orb of Destruction       Conj           #####.....   98%         7    None
 Ring of Flames           Chrm/Fire      #####.....   98%         7    None
 Spellforged Servitor     Conj/Summ      #####.....   98%         7    None
 Summon Hydra             Summ           #####.....   98%         7    None
 Borgnjor's Revivificati  Necr           #######...   98%         8    None
 Infestation              Necr           #######...   98%         8    None
 Death's Door             Chrm/Necr      ######....   100%        8    None
 Discord                  Hex            #####.....   100%        8    None
 Necromutation            Tmut/Necr      ######....   100%        8    None
 Tornado                  Air            #####.....   100%        9    None


Dungeon Overview and Level Annotations

Branches:
Dungeon (15/15)            Temple (0/1) D:4            Lair (6/6) D:9
  Swamp (4/4) Lair:3       Spider (4/4) Lair:2        Slime (0/5) Lair:6
    Orc (2/2) D:9             Elf (3/3) Orc:2        Vaults (5/5) D:13
  Crypt (0/3) Vaults:2     Depths (1/5) D:15          IceCv (visited)
Volcano (visited)         Gauntlet (visited)

Shops:
D:11 [   D:14 =   Orc:2 ([*=   Elf:1 ?   Vaults:1 ?

Annotations:
Swamp:3 Gyedoq's ghost, adept CeHu; Lofu's ghost, adept DsTm; Mokaocw's ghost, adept HaGl; flestrin's ghost, adept TrMo
Vaults:3 3 runed translucent doors, Gumption's ghost, adept MiBe; Ruit's ghost, veteran MiFi; heinrich's ghost, veteran HaHu


Innate Abilities, Weirdness & Mutations

You have an increased reservoir of magic. (+10% MP)


Message History

You feel sick.
You hear a shout! x3; You hear a deafening roar!
You hear a shout!
A storm dragon comes into view.
A fire giant comes into view.
It is wielding a +1 great sword of flaming.
Found 57 gold pieces.
Unknown command.
Unknown command.
You feel sick.
A caustic shrike comes into view.
Found a chain mail.
Casting: Shatter (safe; 1% risk of failure)
Confirm with . or Enter, or press ? or * to list all spells.
You feel a surge of power!
You draw magical energy from your own body!
The frost giant shouts!
You feel sick.
You hear a deafening roar!
The fire giant casts a spell at you. The bolt of fire hits you!!!
You die...

.#.$$ )(. ...... ..#$.$
.$ ...... ###..#X$C$ D.
#......
##....####.##D##......
#..##.....b..p........
#....##.....X.........
..##....#....>..........
..###.C.........(.....#
.## #..§R.C.....@.≈...#
..................≈...#
........C......[..≈..##
..........(....†[.......
..#......≈...[..........
.........≈...........#..
..}.....≈...............
......≈..........[.....
...


You could see a tentacled monstrosity, a golden dragon, a caustic shrike, a
storm dragon (wandering), a frost giant, a fire giant and a hell knight.

Vanquished Creatures
  3 ancient liches (Vaults:5)
  Mara (Depths:1)
  Nikola (Spider:1)
  3 tentacled monstrosities
  Rupert (Spider:1)
  A deep elf blademaster (Elf:3)
  Asterion (Elf:2)
  A deep elf master archer (Elf:3)
  A quicksilver dragon (Vaults:5)
  A sphinx (Vaults:5)
  Kirke (Spider:2)
  3 shadow dragons (Vaults:5)
  A thorn hunter (Swamp:4)
  6 tengu reavers (Vaults:5)
  5 storm dragons (Vaults:5)
  Donald (Spider:2)
  7 fire giants
  24 vault wardens
  11 deep elf sorcerers
  5 frost giants
  Aizul (Vaults:1)
  An orc warlord (Orc:1)
  The ghost of Vinagh the Black Belt, a journeyman DsFi of Wu Jian (Lair:2)
  Louise (Swamp:3)
  A balrug (Gauntlet)
  A ghoul (Vaults:1)
  3 ghost moths
  A curse skull (Vaults:2)
  An emperor scorpion (Spider:4)
  18 ironheart preservers
  A war gargoyle (Vaults:5)
  11 stone giants
  4 deep elf elementalists (Elf:3)
  3 entropy weavers
  5 very ugly things
  3 vampire knights (Depths:1)
  8 deep elf demonologists
  10 deep elf annihilators
  A minotaur (Gauntlet)
  2 spark wasps (Spider:4)
  8 ettins
  2 crystal guardians
  2 eidola (Vaults:2)
  4 deep elf death magi
  Snorg (Orc:1)
  5 fire dragons
  2 green deaths (Swamp:4)
  10 deep elf high priests
  The ghost of lolicon the Grappler, a journeyman TrMo (Lair:2)
  9 yaktaur captains
  17 ogre magi
  3 great orbs of eyes
  3 rakshasas
  12 hydras
  41 vault guards
  The ghost of Getiegup the Thaumaturge, a journeyman GnSk of Okawaru (D:11)
  A spriggan air mage (Depths:1)
  2 death knights
  2 ghost crabs
  2 ice dragons
  11 centaur warriors
  23 two-headed ogres
  A queen ant (D:11)
  33 dancing weapons
  2 shambling mangroves (Swamp:4)
  3 alligators
  2 deep troll shamans (Depths:1)
  4 death yaks (Lair:6)
  A hell hog (Volcano)
  7 deep troll earth magi
  2 thrashing horrors (Swamp:4)
  An orc high priest (Orc:2)
  3 large abominations (Elf:1)
  6 hell knights
  Sonja (Lair:3)
  Nergalle (Orc:2)
  25 deep elf knights
  A shadow wraith (Vaults:3)
  14 deep trolls
  A fire crab (shapeshifter) (D:13)
  6 skeletal warriors
  2 flayed ghosts
  2 iron trolls (Depths:1)
  9 wizards
  A spriggan druid (Swamp:4)
  5 unseen horrors
  11 swamp dragons
  23 deep elf archers
  A glowing orange brain (Vaults:4)
  17 ironbrand convokers
  3 lindwurms (Lair:6)
  An orange crystal statue (Depths:1)
  17 orc knights
  25 orb spiders
  9 necromancers
  29 wolf spiders
  2 oklob plants (Lair:4)
  47 deep elf magi
  A faun (shapeshifter) (D:15)
  37 ugly things
  7 orc sorcerers
  13 cyclopes
  A manticore (D:12)
  15 elephants
  2 black mambas
  Joseph (D:7)
  An eye of devastation (Lair:6)
  A spiny frog (shapeshifter) (Vaults:1)
  A molten gargoyle (Lair:3)
  5 torpor snails (Lair:6)
  2 gargoyles
  17 vault sentinels
  18 spiny frogs
  An ice statue (IceCv)
  5 freezing wraiths
  2 komodo dragons (shapeshifter)
  An efreet (D:15)
  2 kobold demonologists
  15 rime drakes
  7 komodo dragons
  41 yaktaurs
  9 demonic crawlers
  2 ice devils (Lair:1)
  A tengu conjurer (D:13)
  A meliai (shapeshifter) (Vaults:1)
  15 tyrant leeches
  A merfolk (shapeshifter) (Vaults:5)
  6 meliai
  5 trolls
  Prince Ribbit (D:5)
  A queen bee (Lair:2)
  2 queen bees (shapeshifter)
  37 jumping spiders
  A hornet (shapeshifter) (Vaults:4)
  20 polar bears
  A wolf spider simulacrum (D:15)
  28 hornets
  A blink frog (shapeshifter) (Vaults:3)
  16 bog bodies
  44 slime creatures
  2 dream sheep (shapeshifter) (Vaults:5)
  11 blink frogs
  2 human simulacra
  A snapping turtle (shapeshifter) (Elf:3)
  11 hippogriffs
  Sigmund (D:4)
  7 shadows
  70 redbacks
  A vampire (D:12)
  4 air elementals
  A hippogriff (shapeshifter) (Elf:1)
  4 spriggans
  2 water elementals
  A centaur simulacrum (D:14)
  2 yaks (shapeshifter)
  A hog (Spider:2)
  A wraith (Vaults:1)
  4 hungry ghosts
  3 wyverns
  2 fire elementals
  7 fire bats (Volcano)
  28 tarantellas
  A human (Spider:2)
  47 yaks
  10 steam dragons
  4 basilisks
  35 vampire mosquitoes
  12 wargs
  5 acid dragons
  16 insubstantial wisps
  11 swamp worms
  7 soldier ants
  Duvessa (D:5)
  2 hell hounds (Gauntlet)
  14 porcupines
  16 water moccasins
  Purgy (D:4)
  13 swamp drakes
  37 orc warriors
  5 sky beasts
  4 ice beasts
  3 black bears
  An eye of draining (shapeshifter) (Vaults:1)
  2 eyes of draining
  13 boggarts
  2 phantoms
  31 ogres
  12 centaurs
  A tengu (shapeshifter) (Vaults:1)
  14 wolves
  5 big kobolds
  14 crocodiles
  Blork the orc (D:5)
  18 bullfrogs
  2 elf zombies (Elf:1)
  2 earth elementals (Elf:3)
  2 wyvern skeletons
  5 scorpions
  A small abomination (Swamp:4)
  Dowan (D:5)
  12 killer bees
  10 wights
  9 electric eels
  9 howler monkeys
  7 crimson imps
  4 centaur zombies
  A bullfrog zombie (D:12)
  15 orc priests
  6 jellies
  A gnoll shaman (D:9)
  3 centaur skeletons
  8 hounds
  3 bullfrog skeletons
  8 iguanas
  22 orc wizards
  34 worker ants
  A hound zombie (D:5)
  A hound skeleton (D:11)
  A worker ant zombie (D:6)
  Robin (D:3)
  7 gnolls
  10 adders
  2 shadow imps
  8 oozes
  2 ufetubi (Vaults:2)
  A dart slug (D:3)
  4 worms
  6 leopard geckos
  81 orcs
  7 giant cockroaches
  24 goblins
  8 hobgoblins
  14 jackals
  39 kobolds
  3 quokkas
  A ball python (D:3)
  8 bats
  4 frilled lizards
  3 rats
  2 butterflies (Lair:5)
  5 fungi
  6 plants
  A withered plant (Gauntlet)
1962 creatures vanquished.

Vanquished Creatures (collateral kills)
  A wolf spider (Spider:4)
  A slime creature (Swamp:1)
2 creatures vanquished.

Vanquished Creatures (others)
  A yaktaur captain (D:12)
  A steam dragon (Lair:2)
  A warg (Vaults:5)
  22 fungi
  31 plants
  5 toadstools (D:7)
  13 withered plants
74 creatures vanquished.

Grand Total: 2038 creatures vanquished

Notes
Turn   | Place    | Note
-------+----------+-------------------------------------------
     0 | D:1      | Johnny the Demigod Earth Elementalist began the quest for
                  | the Orb.
     0 | D:1      | Reached XP level 1. HP: 14/14 MP: 5/5
   132 | D:1      | Reached skill level 3 in Earth Magic
   293 | D:1      | Reached XP level 2. HP: 22/22 MP: 5/7
   651 | D:2      | Reached skill level 1 in Fighting
   837 | D:2      | Reached XP level 3. HP: 12/28 MP: 3/8
  1131 | D:2      | Reached XP level 4. HP: 31/35 MP: 10/10
  1184 | D:2      | Reached skill level 4 in Earth Magic
  1423 | D:3      | Noticed Robin
  1436 | D:3      | Killed Robin
  2030 | D:3      | Reached XP level 5. HP: 41/41 MP: 9/12
  2148 | D:3      | Found a shattered altar of Ashenzari.
  2317 | D:4      | Noticed an ogre
  2321 | D:4      | Noticed Purgy
  2324 | D:4      | Killed an ogre
  2331 | D:4      | Killed Purgy
  2331 | D:4      | Reached skill level 5 in Earth Magic
  2331 | D:4      | Reached XP level 6. HP: 43/50 MP: 4/13
  2381 | D:4      | Noticed Sigmund
  2429 | D:4      | Found a burning altar of Makhleb.
  2429 | D:4      | Found an opulent altar of Gozag.
  2429 | D:4      | Found a glowing golden altar of the Shining One.
  2435 | D:4      | Found a staircase to the Ecumenical Temple.
  2649 | D:4      | Reached XP level 7. HP: 46/57 MP: 2/15
  2788 | D:4      | Reached skill level 6 in Earth Magic
  3156 | D:4      | Killed Sigmund
  4247 | D:5      | Entered Level 5 of the Dungeon
  4413 | D:5      | Learned a level 3 spell: Stone Arrow
  4419 | D:5      | Learned a level 5 spell: Lee's Rapid Deconstruction
  4424 | D:5      | Learned a level 4 spell: Petrify
  4598 | D:5      | Noticed Prince Ribbit
  4610 | D:5      | Killed Prince Ribbit
  4610 | D:5      | Reached skill level 7 in Earth Magic
  4610 | D:5      | Reached XP level 8. HP: 67/67 MP: 13/18
  4704 | D:5      | Noticed Blork the orc
  4708 | D:5      | Killed Blork the orc
  4891 | D:5      | Noticed Duvessa
  4891 | D:5      | Noticed Dowan
  4894 | D:5      | Killed Dowan
  4914 | D:5      | Killed Duvessa
  4914 | D:5      | Reached skill level 5 in Spellcasting
  5209 | D:6      | Reached skill level 5 in Fighting
  5209 | D:6      | Reached skill level 8 in Earth Magic
  5239 | D:6      | Found a stormy altar of Qazlal.
  6212 | D:7      | Noticed Joseph
  6214 | D:7      | Killed Joseph
  6214 | D:7      | Reached XP level 9. HP: 63/75 MP: 9/21
  6246 | D:7      | Reached skill level 9 in Earth Magic
  6977 | D:8      | Found a hazy altar of Hepliaklqana.
  7735 | D:9      | Found a staircase to the Lair.
  7748 | D:9      | Reached skill level 10 in Earth Magic
  7759 | D:9      | Reached XP level 10. HP: 84/84 MP: 20/23
  7925 | D:9      | Identified a +0 pair of boots of running (You found it on
                  | level 8 of the Dungeon)
  8190 | D:9      | Noticed a two-headed ogre
  8193 | D:9      | Killed a two-headed ogre
  8193 | D:9      | Killed an unseen horror
  8193 | D:9      | Reached skill level 11 in Earth Magic
  8211 | D:9      | Got a polished scale mail
  8715 | D:9      | Found a staircase to the Orcish Mines.
  8848 | D:10     | Entered Level 10 of the Dungeon
  8857 | D:10     | Identified the Papyrus of the Poisonous Arsonist
  9167 | D:10     | Identified the cursed +1 scale mail of Fura {MP+9 Int+3
                  | Dex-5} (You found it on level 9 of the Dungeon)
  9243 | D:10     | Found a portal to a secret trove of treasure.
  9362 | D:10     | Found the ring of the Octopus King
  9367 | D:10     | Got a ring of the Octopus King
  9543 | D:10     | Reached XP level 11. HP: 93/93 MP: 26/26
  9858 | D:11     | Found Huost's Antique Armour Shop.
  9864 | D:11     | Bought a runed hat for 231 gold pieces
  9874 | D:11     | Bought a shiny helmet for 247 gold pieces
  9983 | D:11     | Reached skill level 12 in Earth Magic
 10159 | D:11     | Found a runed translucent door.
 10159 | D:11     | Noticed Getiegup's ghost (journeyman GnSk)
 10159 | D:11     | Noticed a centaur warrior
 10160 | D:11     | Found the cursed necklace of Bloodlust {*Rage +Rage MR++
                  | Int-3 Slay+6 *Curse}
 10162 | D:11     | Killed a centaur warrior
 10360 | D:11     | Noticed a queen ant
 10370 | D:11     | Killed a queen ant
 10516 | D:11     | Killed an unseen horror
 10827 | D:11     | Identified a ring of the Octopus King {AC+1 EV+1 Str+1
                  | Int+1 Dex+1 Stlth+} (You found it on level 10 of the
                  | Dungeon)
 10844 | D:11     | Killed Getiegup's ghost
 10983 | D:12     | Reached skill level 5 in Dodging
 11213 | D:12     | Killed an unseen horror
 11213 | D:12     | Reached skill level 13 in Earth Magic
 11481 | D:12     | Found an ancient bone altar of Kikubaaqudgha.
 11550 | D:12     | Reached XP level 12. HP: 89/101 MP: 21/29
 11605 | D:12     | Noticed a yaktaur captain
 11620 | D:12     | Killed a yaktaur captain
 12300 | D:8      | Got a dazzling falchion
 12320 | Orc:1    | Entered Level 1 of the Orcish Mines
 12638 | Orc:2    | Entered Level 2 of the Orcish Mines
 12645 | Orc:2    | Found a gate leading to a gauntlet.
 12654 | Gauntlet | Entered a Gauntlet
 12654 | Gauntlet | Found a transporter.
 12655 | Gauntlet | Found a runed translucent door.
 12657 | Gauntlet | Found a transporter.
 12660 | Gauntlet | Found a transporter.
 12661 | Gauntlet | Found a transporter.
 12664 | Gauntlet | Found a transporter.
 12665 | Gauntlet | Found a transporter.
 12667 | Gauntlet | Noticed a five-headed hydra
 12669 | Gauntlet | Found a runed translucent door.
 12671 | Gauntlet | Found a runed translucent door.
 12673 | Gauntlet | Found a transporter.
 12673 | Gauntlet | Noticed a ghost crab
 12678 | Gauntlet | Found a transporter.
 12693 | Gauntlet | Found a transporter.
 12715 | Gauntlet | Found a transporter.
 12717 | Gauntlet | Found a transporter.
 12725 | Gauntlet | Found a transporter.
 12776 | Gauntlet | Found a runed translucent door.
 12786 | Gauntlet | Noticed a balrug
 12868 | Gauntlet | Killed a balrug
 12868 | Gauntlet | Reached skill level 14 in Earth Magic
 12957 | Gauntlet | Killed a ghost crab
 13033 | Gauntlet | Got a pair of scorched gloves
 13042 | Gauntlet | Identified the +0 pair of gloves of Dukishe {rF++ MR- Str+8
                  | Int-4} (You found it in a Gauntlet)
 13065 | Gauntlet | Identified the +7 flail "Zagyl" {freeze, *Drain rElec rN+
                  | Int+5}
 13065 | Gauntlet | Noticed a minotaur
 13070 | Gauntlet | Killed a minotaur
 13090 | Gauntlet | Identified the +10 falchion "Vovo Nun" {speed, Int+3} (You
                  | found it on level 8 of the Dungeon)
 13144 | Gauntlet | Got an ancient ring mail
 13159 | Gauntlet | Identified the +4 ring mail of Miracles {-Tele rPois rN+
                  | Stlth+} (You found it in a Gauntlet)
 13190 | Orc:2    | Learned a level 2 spell: Blink
 13193 | Orc:2    | Learned a level 2 spell: Sublimation of Blood
 13197 | Orc:2    | Learned a level 3 spell: Mephitic Cloud
 13232 | Orc:2    | Found a staircase to the Elven Halls.
 13466 | Orc:2    | Noticed an orc warlord
 13486 | Orc:2    | Noticed Nergalle
 13489 | Orc:2    | Killed Nergalle
 13961 | D:13     | Noticed a centaur warrior
 14266 | D:13     | Killed a centaur warrior
 14266 | D:13     | Reached XP level 13. HP: 107/107 MP: 18/31
 14268 | D:13     | Reached skill level 10 in Spellcasting
 14891 | D:13     | Reached skill level 1 in Necromancy
 15310 | D:13     | Reached skill level 15 in Earth Magic
 15601 | D:13     | Found a gate to the Vaults.
 16802 | D:14     | Found Xoiduqagg's Jewellery Boutique.
 17407 | D:14     | Learned a level 3 spell: Regeneration
 17435 | D:15     | Entered Level 15 of the Dungeon
 17441 | D:15     | Reached XP level 14. HP: 114/114 MP: 21/33
 17489 | D:15     | Found a staircase to the Depths.
 18248 | Lair:1   | Entered Level 1 of the Lair of Beasts
 18332 | Lair:1   | Found a dark tunnel.
 18338 | Volcano  | Entered a volcano
 18402 | Volcano  | Reached skill level 16 in Earth Magic
 18489 | Volcano  | Reached skill level 5 in Necromancy
 18571 | Lair:1   | Found a frozen archway.
 18588 | IceCv    | Entered an ice cave
 19205 | IceCv    | Noticed a frost giant
 19219 | IceCv    | Killed a frost giant
 19650 | IceCv    | Got an ancient great mace
 19973 | Lair:1   | Found a white marble altar of Elyvilon.
 21038 | Lair:2   | Found a glowing silver altar of Zin.
 21372 | Lair:2   | Found a hole to the Spider Nest.
 21404 | Lair:2   | Identified 3 scrolls of acquirement
 21404 | Lair:2   | Identified the Papyrus of Enchanting Arcane Weapons (You
                  | acquired it on level 2 of the Lair of Beasts)
 21406 | Lair:2   | Identified Goiddosueng's Guide on Unstable Confrontation
                  | (You acquired it on level 2 of the Lair of Beasts)
 21412 | Lair:2   | Identified the Volume of Supportive Weightlessness (You
                  | acquired it on level 2 of the Lair of Beasts)
 21423 | Lair:2   | Learned a level 6 spell: Statue Form
 21521 | Lair:2   | Reached skill level 10 in Dodging
 21699 | Lair:2   | Found a transporter.
 21699 | Lair:2   | Noticed lolicon's ghost (journeyman TrMo)
 21703 | Lair:2   | Found a transporter.
 22348 | Lair:2   | Killed lolicon's ghost
 22641 | Lair:3   | Got a coiled granite ring
 22727 | Lair:3   | Noticed Sonja
 22728 | Lair:3   | Killed Sonja
 22954 | Lair:3   | Found a staircase to the Swamp.
 23201 | Lair:3   | Identified the +4 great mace of the Puffin {crush, rN+}
                  | (You found it in an ice cave)
 23584 | Lair:3   | Reached skill level 17 in Earth Magic
 23619 | Lair:3   | Reached XP level 15. HP: 121/121 MP: 21/35
 24069 | Lair:4   | Identified the ring "Edopyol" {rElec rN+} (You found it on
                  | level 3 of the Lair of Beasts)
 25963 | Lair:6   | Entered Level 6 of the Lair of Beasts
 26940 | Lair:6   | Paralysed by a hornet for 2 turns
 27088 | Lair:6   | Found a staircase to the Slime Pits.
 27284 | Lair:6   | Reached skill level 18 in Earth Magic
 28163 | Lair:6   | Found a runed translucent door.
 28958 | Orc:2    | Found a roughly hewn altar of Beogh.
 29058 | Orc:2    | Found Hiqod's General Store.
 29117 | Orc:2    | Found Jodghixoi's Jewellery Emporium.
 29259 | Orc:2    | Found Hoproago's Food Shop.
 29294 | Orc:2    | Found Muokh's Antique Armour Emporium.
 29310 | Orc:2    | Found Yxketuf's Antique Weapon Emporium.
 29332 | Orc:2    | Bought a scroll of vulnerability for 135 gold pieces
 29332 | Orc:2    | Bought a scroll of teleportation for 54 gold pieces
 29468 | Orc:1    | Noticed Snorg
 29475 | Orc:1    | Killed Snorg
 30006 | Elf:1    | Entered Level 1 of the Elven Halls
 30649 | Elf:1    | Reached XP level 16. HP: 96/127 MP: 22/38
 31021 | Elf:1    | Identified the Catalogue of Black Secrets
 31033 | Elf:1    | Found Decesun's Magic Scroll Emporium.
 31036 | Elf:1    | Bought a scroll of identify for 26 gold pieces
 31036 | Elf:1    | Bought a scroll of fog for 26 gold pieces
 31036 | Elf:1    | Bought a scroll of enchant armour for 97 gold pieces
 31036 | Elf:1    | Bought a scroll of identify for 26 gold pieces
 31036 | Elf:1    | Bought a scroll of vulnerability for 97 gold pieces
 31036 | Elf:1    | Bought 3 scrolls of enchant armour for 292 gold pieces
 31036 | Elf:1    | Bought a scroll of magic mapping for 45 gold pieces
 31036 | Elf:1    | Bought a scroll of vulnerability for 97 gold pieces
 31036 | Elf:1    | Bought a scroll of holy word for 97 gold pieces
 31039 | Elf:1    | Identified Johnny's Guide on Enchantment and the Rocks (You
                  | acquired it on level 1 of the Elven Halls)
 31053 | Elf:1    | Learned a level 9 spell: Shatter
 31385 | Elf:2    | Reached skill level 19 in Earth Magic
 31970 | Elf:2    | Found a runed translucent gate.
 31970 | Elf:2    | Found a runed translucent gate.
 31973 | Elf:2    | Found a runed translucent gate.
 32108 | Elf:2    | Noticed Asterion
 32125 | Elf:2    | Killed Asterion
 32606 | Elf:2    | Reached skill level 20 in Earth Magic
 32768 | Elf:3    | Entered Level 3 of the Elven Halls
 34057 | Elf:3    | Reached XP level 17. HP: 134/134 MP: 28/39
 34064 | Elf:3    | Noticed a deep elf blademaster
 34066 | Elf:3    | Reached skill level 21 in Earth Magic
 34067 | Elf:3    | Killed a deep elf blademaster
 34425 | Elf:3    | Identified the +10 long sword "Plog" {flame, +Blink rF-
                  | Dex+2 Stlth+}
 34574 | Elf:3    | Identified the +6 short sword of Winter {pierce, +Rage
                  | rElec}
 34848 | Elf:3    | Identified the +12 chain mail of Eweivon {*Contam rElec
                  | Str+3}
 35017 | Elf:3    | Identified the cursed +2 long sword "Cedizo" {pain, Str+3}
 35017 | Elf:3    | Identified the +2 robe of Joy {Dex+6}
 35019 | Elf:3    | Reached skill level 22 in Earth Magic
 35117 | Elf:3    | Got an ivory arbalest
 35124 | Elf:3    | Found the +6 lightning scales {run, rElec}
 35128 | Elf:3    | Identified the Almanac of the Escort
 35135 | Elf:3    | Identified the Catalogue of Enhancements and the Traveller
 35162 | Elf:3    | Got a steaming chain mail
 35392 | Spider:1 | Entered Level 1 of the Spider Nest
 35400 | Spider:1 | Noticed Rupert
 35406 | Spider:1 | Killed Rupert
 35407 | Spider:1 | Found a runed translucent door.
 35418 | Spider:1 | Identified the +6 scimitar of Intimidation {chaos, MR+}
 35418 | Spider:1 | Noticed Vinagh's ghost (journeyman DsFi)
 35418 | Spider:1 | Found a shimmering altar of Xom.
 35629 | Swamp:1  | Entered Level 1 of the Swamp
 36462 | Swamp:1  | Identified the +6 arbalest "Wuerav" {freeze, Dex+2 Stlth+}
                  | (You found it on level 3 of the Elven Halls)
 37949 | Swamp:2  | Got a shimmering lead ring
 38121 | Swamp:3  | Noticed Louise
 38129 | Swamp:3  | Killed Louise
 38229 | Swamp:3  | Identified the ring of Kindness {Fire rPois rN++ Slay+3
                  | Stlth-} (You found it on level 2 of the Swamp)
 38815 | Swamp:3  | Found a runed translucent gate.
 38815 | Swamp:3  | Noticed Mokaocw's ghost (adept HaGl)
 38816 | Swamp:3  | Noticed flestrin's ghost (adept TrMo)
 38816 | Swamp:3  | Found a runed translucent gate.
 38817 | Swamp:3  | Found a runed translucent gate.
 38817 | Swamp:3  | Noticed Gyedoq's ghost (adept CeHu)
 38818 | Swamp:3  | Noticed Lofu's ghost (adept DsTm)
 38958 | Swamp:4  | Entered Level 4 of the Swamp
 39106 | Swamp:4  | Paralysed by a hornet for 3 turns
 39213 | Swamp:4  | Reached XP level 18. HP: 140/140 MP: 39/40
 40073 | Swamp:4  | Reached skill level 23 in Earth Magic
 40232 | Swamp:4  | Noticed a tentacled monstrosity
 40236 | Swamp:4  | Killed a tentacled monstrosity
 40476 | Swamp:4  | Got a decaying rune of Zot
 40683 | Swamp:2  | Got a transparent short sword
 40684 | Swamp:2  | Identified the +6 short sword "Murmur" {freeze, rElec
                  | Str+2} (You found it on level 2 of the Swamp)
 41010 | Lair:2   | Killed Vinagh's ghost
 41313 | Spider:1 | Noticed Nikola
 41319 | Spider:1 | Killed Nikola
 42467 | Spider:2 | Noticed Donald
 42470 | Spider:2 | Killed Donald
 42489 | Spider:2 | Noticed Kirke
 42492 | Spider:2 | Killed Kirke
 43357 | Spider:3 | Got a glittering turquoise ring
 43358 | Spider:3 | Identified the ring of Tunla {rPois rF- MR+ Stlth+} (You
                  | found it on level 3 of the Spider Nest)
 43652 | Spider:4 | Entered Level 4 of the Spider Nest
 43729 | Spider:4 | Reached XP level 19. HP: 107/147 MP: 32/43
 43768 | Spider:4 | Reached skill level 24 in Earth Magic
 44488 | Spider:4 | Got a gossamer rune of Zot
 44550 | Spider:4 | Got a twisted leather armour
 44551 | Spider:4 | Identified the cursed +0 leather armour "Usomeamy" {Dex+5}
                  | (You found it on level 4 of the Spider Nest)
 44554 | Spider:4 | Reached XP level 20. HP: 148/155 MP: 30/44
 45103 | Orc:2    | Bought a ration for 65 gold pieces
 45103 | Orc:2    | Bought a ration for 65 gold pieces
 45103 | Orc:2    | Bought a ration for 65 gold pieces
 45103 | Orc:2    | Bought a ration for 65 gold pieces
 45103 | Orc:2    | Bought a ration for 65 gold pieces
 45103 | Orc:2    | Bought a ration for 65 gold pieces
 45103 | Orc:2    | Bought a ration for 65 gold pieces
 45103 | Orc:2    | Bought a ration for 65 gold pieces
 45103 | Orc:2    | Bought a ration for 65 gold pieces
 45103 | Orc:2    | Bought a ration for 65 gold pieces
 45287 | Vaults:1 | Entered Level 1 of the Vaults
 45335 | Vaults:1 | Noticed Aizul
 45339 | Vaults:1 | Killed Aizul
 46267 | Vaults:1 | Reached skill level 15 in Spellcasting
 46505 | Vaults:1 | Found Oqupiulu's Magic Scroll Emporium.
 46515 | Vaults:1 | Bought a scroll of fog for 34 gold pieces
 46515 | Vaults:1 | Bought a scroll of immolation for 59 gold pieces
 46515 | Vaults:1 | Bought a scroll of magic mapping for 59 gold pieces
 46515 | Vaults:1 | Bought a scroll of fear for 59 gold pieces
 46515 | Vaults:1 | Bought a scroll of enchant armour for 127 gold pieces
 46515 | Vaults:1 | Bought a scroll of teleportation for 51 gold pieces
 46515 | Vaults:1 | Bought a scroll of fog for 34 gold pieces
 46515 | Vaults:1 | Bought a scroll of teleportation for 51 gold pieces
 47801 | Vaults:2 | Found a staircase to the Crypt.
 47879 | Vaults:2 | Got a twitching glass ring
 47880 | Vaults:2 | Identified the ring "Wurirpha" {Int+3 Dex+4} (You found it
                  | on level 2 of the Vaults)
 48258 | Vaults:2 | Paralysed by a hornet for 1 turns
 48634 | Vaults:2 | Reached skill level 25 in Earth Magic
 49077 | Vaults:3 | Reached XP level 21. HP: 127/167 MP: 38/46
 49088 | Vaults:3 | Reached skill level 10 in Fighting
 49582 | Vaults:3 | Found a runed translucent gate.
 49582 | Vaults:3 | Found a runed translucent gate.
 49583 | Vaults:3 | Found a runed translucent gate.
 49584 | Vaults:3 | Noticed heinrich's ghost (veteran HaHu)
 49584 | Vaults:3 | Noticed Ruit's ghost (veteran MiFi)
 49584 | Vaults:3 | Noticed Gumption's ghost (adept MiBe)
 52335 | Vaults:5 | Entered Level 5 of the Vaults
 52337 | Vaults:5 | Reached skill level 26 in Earth Magic
 52353 | Vaults:5 | Reached XP level 22. HP: 98/181 MP: 18/48
 52807 | Vaults:5 | Noticed an ancient lich
 52809 | Vaults:5 | Killed an ancient lich
 53023 | Vaults:5 | Noticed an ancient lich
 53028 | Vaults:5 | Killed an ancient lich
 53488 | Vaults:5 | Noticed an ancient lich
 53494 | Vaults:5 | Killed an ancient lich
 54315 | D:10     | You paid a toll of +3 shadow dragon scales to enter a
                  | treasure trove
 54316 | Trove    | Entered a treasure trove
 54325 | Trove    | Got a glittering lead ring
 54327 | Trove    | Got a twitching tin ring
 54331 | Trove    | Got a transparent hand axe
 54335 | Trove    | Got a slimy cloak
 54337 | Trove    | Got a fine jade amulet
 54351 | Trove    | Identified the +0 cloak of Elitism {*Slow rPois Str+3} (You
                  | found it in a treasure trove)
 54352 | Trove    | Identified the +2 hand axe of Disaster {chop, *Drain +Blink
                  | rN++} (You found it in a treasure trove)
 54353 | Trove    | Identified the amulet of Atheism {+Rage +Fly rElec rPois
                  | rF-} (You found it in a treasure trove)
 54357 | Trove    | Identified the ring of Jakleeh {*Slow rPois rC++ Dex+3
                  | Stlth+} (You found it in a treasure trove)
 54359 | Trove    | Identified the ring of Awe {rElec rF+++ rC- rCorr Int+2}
                  | (You found it in a treasure trove)
 54576 | Vaults:5 | Identified the cursed +0 plate armour of Hucaen {Dex+2}
 55041 | Vaults:5 | Got a silver rune of Zot
 55051 | Vaults:5 | Got a pair of shimmering boots
 55063 | Vaults:5 | Identified the +2 pair of boots of Circular Logic {Stlth+}
                  | (You acquired it on level 5 of the Vaults)
 55558 | Vaults:5 | Got a ripped robe
 55560 | Vaults:5 | Identified the cursed +1 robe "Weigulys" {rElec Regen+
                  | Dex+4} (You found it on level 5 of the Vaults)
 55797 | Lair:2   | Got a faintly glowing chain mail
 55798 | Lair:2   | Identified the +1 chain mail of Abstinence {rC- Regen+
                  | rCorr Int+5} (You found it on level 2 of the Lair of
                  | Beasts)
 55873 | Lair:4   | Identified the +7 chain mail "Kiuboned" {rPois rN+ Regen+}
                  | (You found it on level 3 of the Elven Halls)
 56087 | Depths:1 | Entered Level 1 of the Depths
 56099 | Depths:1 | Noticed Mara
 56109 | Depths:1 | Noticed Johnny's illusion
 56113 | Depths:1 | Killed Mara
 56113 | Depths:1 | Reached skill level 27 in Earth Magic
 56158 | Depths:1 | Reached XP level 23. HP: 134/192 MP: 13/50
 56227 | Depths:1 | Noticed an ancient lich
 56243 | Depths:1 | Killed from afar by a fire giant

Skill      XL: |  1  2  3  4  5  6  7  8  9 10 11 12 13 14 15 16 17 18 19 20 21 22 |
---------------+-------------------------------------------------------------------+-----
Earth Magic    | 3 4 5 7 8 10 11 13 14 15 17 18 20 22 23 24 25 26 27 | 27.0
Spellcasting   | 2 3 4 5 6 7 8 9 10 11 12 13 14 15 16 17 | 17.4
Fighting       | 1 2 3 4 5 6 7 8 9 11 13 | 13.7
Dodging        | 2 5 7 8 10 | 10.3
Necromancy     | 4 5 |  5.2
Stealth        | |  1.7
Transmutations | |  0.8

Action                   |  1- 3 |  4- 6 |  7- 9 | 10-12 | 13-15 | 16-18 | 19-21 | 22-24 || total
-------------------------+-------+-------+-------+-------+-------+-------+-------+-------++-------
Melee: Unarmed           |    27 |       |       |       |       |       |       |       ||    27
       Short sword       |    14 |   156 |   168 |   421 |       |       |       |       ||   759
       Flail             |       |       |   168 |     6 |   318 |    25 |    58 |     3 ||   578
       Spear             |       |       |   114 |       |       |       |       |       ||   114
Throw: Stone             |       |       |     1 |       |       |     1 |       |       ||     2
 Cast: Sandblast         |    40 |    71 |   127 |   130 |   265 |   151 |    55 |     1 ||   840
       Lee's Rapid Decon |       |       |     7 |    94 |   315 |   238 |    61 |    33 ||   748
       Stone Arrow       |       |       |       |    21 |   137 |    53 |    38 |     6 ||   255
       Petrify           |       |       |       |     4 |    37 |    14 |     7 |     1 ||    63
       Mephitic Cloud    |       |       |       |     1 |     1 |       |       |       ||     2
       Sublimation of Bl |       |       |       |       |    73 |   108 |    48 |    24 ||   253
       Blink             |       |       |       |       |    14 |    24 |     4 |     4 ||    46
       Statue Form       |       |       |       |       |     1 |       |     3 |       ||     4
       Regeneration      |       |       |       |       |       |     1 |       |       ||     1
       Shatter           |       |       |       |       |       |   122 |   165 |    89 ||   376
 Abil: End Transformatio |       |       |       |       |       |       |     1 |       ||     1
Evoke: Wand              |       |       |     3 |     4 |    52 |     5 |       |       ||    64
       Lamp of fire      |       |       |       |       |     1 |       |       |       ||     1
       Sack of spiders   |       |       |       |       |       |     5 |       |       ||     5
       Lightning rod     |       |       |       |       |       |     1 |       |       ||     1
       Box of beasts     |       |       |       |       |       |       |       |     1 ||     1
  Use: Scroll            |       |       |    14 |    12 |    25 |    19 |     7 |    15 ||    92
       Potion            |       |       |     2 |       |       |    13 |     8 |     5 ||    28
 Stab: Sleeping          |     4 |     2 |     4 |     2 |     2 |       |       |       ||    14
       Paralysed         |       |       |       |       |     7 |       |       |       ||     7
       Confused          |       |       |       |       |     1 |       |       |       ||     1
       Petrifying        |       |       |       |       |     1 |       |       |       ||     1
  Eat: Chunk             |       |     3 |    16 |    23 |    26 |    21 |    60 |     9 ||   158
       Ration            |       |     1 |     1 |     4 |     9 |    25 |    13 |     7 ||    60
Armor: Robe              |     8 |    48 |   110 |   189 |   223 |    60 |    28 |    12 ||   678
       Skin              |       |       |     6 |       |    10 |       |   134 |       ||   150
Dodge: Dodged            |    39 |   138 |   337 |   433 |   838 |   241 |   225 |    59 ||  2310
       Deflected         |       |       |       |     1 |    27 |    19 |    50 |    16 ||   113
